 Dungeon Crawl Stone Soup version 0.17.0-15-g6d90897 (webtiles) character file.

7123 oplop the Frost Mage (level 11, -17/83 HPs)
             Began as a Merfolk Ice Elementalist on Nov 10, 2015.
             Was a Believer of Cheibriados.
             Demolished by a cyclops (26 damage)
             ... on level 11 of the Dungeon.
             The game lasted 00:25:43 (9334 turns).

oplop the Frost Mage (Merfolk Ice Elementalist)     Turns: 9334, Time: 00:25:43

Health: -17/83     AC: 19    Str: 15    XL:     11   Next: 10%
Magic:  3/22       EV: 19    Int: 23    God:    Cheibriados [**....]
Gold:   545        SH:  0    Dex: 21    Spells: 5 memorised, 9 levels left

rFire  . . .     SeeInvis +     L - +2 halberd (flame)
rCold  . . .     Clarity  .     J - +0 leather armour {MR+}
rNeg   . . .     SustAt   .     (shield currently unavailable)
rPois  +         Gourm    .     r - +2 hat
rElec  .         Spirit   .     I - +2 cloak
rCorr  .         Warding  .     s - +2 pair of gloves
rMut   .         Stasis   .     (no boots)
MR     +....                    w - amulet of regeneration
Stlth  ++........               q - ring of poison resistance
                                B - ring of see invisible

@: icy armour, very slightly contaminated, invisible, very slow, somewhat
resistant to hostile enchantments, unstealthy
A: change form in water, swift swim
a: Bend Time, Renounce Religion


You were on level 11 of the Dungeon.
You worshipped Cheibriados.
Cheibriados was pleased with you.
You were not hungry.

You visited 2 branches of the dungeon, and saw 12 of its levels.

You collected 545 gold pieces.

Inventory:

Hand Weapons
 a - a +0 dagger of electrocution
 b - a +0 dagger of protection
 e - a +0 trident
 L - a +2 halberd of flaming (weapon)
Armour
 j - a +0 robe
 r - a +2 hat (worn)
 s - a +2 pair of gloves (worn)
 I - a +2 cloak (worn)
 J - a +0 leather armour of magic resistance (worn)
Jewellery
 i - a cursed ring of teleportation {unknown}
 m - an uncursed ring of sustain attributes
 q - a ring of poison resistance (right hand)
 w - an amulet of regeneration (around neck)
 B - a ring of see invisible (left hand)
Wands
 p - a wand of magic darts (18)
 H - a wand of slowing (30)
 O - a wand of draining (1)
Scrolls
 f - a scroll of fear
 o - 3 scrolls of enchant weapon
 u - 3 scrolls of identify
 v - a scroll of enchant armour
 x - 3 scrolls of fog
 D - 3 scrolls of remove curse
 G - a scroll of magic mapping
 N - a scroll of immolation {unknown}
 P - a scroll of silence {unknown}
 R - a scroll of teleportation
Potions
 d - a potion of heal wounds
 h - 7 potions of curing
 k - 3 potions of agility
 n - 2 potions of might
 A - 2 potions of resistance
 C - a potion of flight
 E - 2 potions of lignification
 Q - a potion of magic {unknown}
Books
 g - a book of Changes

   Spells                             Type                      Level
   a - Beastly Appendage              Transmutation                1
   b - Sticks to Snakes               Transmutation                2
   c - Spider Form                    Transmutation/Poison         3
   d - Ice Form                       Ice/Transmutation            4
   e - Blade Hands                    Transmutation                5
 y - a book of Beasts

   Spells                             Type                      Level
   a - Summon Butterflies             Summoning                    1
   b - Call Canine Familiar           Summoning                    3
   c - Summon Ice Beast               Ice/Summoning                4
   d - Summon Mana Viper              Hexes/Summoning              5
   e - Summon Hydra                   Summoning                    7
 F - a book of Frost

   Spells                             Type                      Level
   a - Freeze                         Ice                          1
   b - Throw Frost                    Conjuration/Ice              2
   c - Ozocubu's Armour               Charms/Ice                   3
   d - Throw Icicle                   Conjuration/Ice              4
   e - Summon Ice Beast               Ice/Summoning                4
   f - Condensation Shield            Ice                          4
Comestibles
 c - 9 bread rations
 l - 3 meat rations
 z - 4 beef jerkies
 K - 2 royal jellies
 M - a slice of pizza
 S - 3 chunks of flesh


   Skills:
 + Level 6.9 Fighting
 + Level 7.5 Polearms
 * Level 3.4 Armour
 - Level 8.3 Dodging
 - Level 2.1 Stealth
 + Level 7.5 Spellcasting
 + Level 3.7 Conjurations
 - Level 2.6 Summonings
 + Level 9.2 Ice Magic


You had 9 spell levels left.
You knew the following spells:

 Your Spells              Type           Power        Failure   Level  Hunger
a - Freeze                Ice            ####         1%          1    None
b - Ozocubu's Armour      Chrm/Ice       ####....     6%          3    None
c - Condensation Shield   Ice            ######....   1%          4    ###....
d - Throw Icicle          Conj/Ice       #####...     10%         4    ###....
e - Summon Ice Beast      Ice/Summ       #####...     10%         4    ###....


Dungeon Overview and Level Annotations

Branches:
Dungeon (11/15)            Temple (1/1) D:4            Lair (0/8) D:9
    Orc (0/4) D:10

Altars:
Ashenzari
Cheibriados
Dithmenos
Elyvilon
Fedhas
Gozag
Kikubaaqudgha
Makhleb
Nemelex Xobeh
Okawaru
Qazlal
Ru
Sif Muna
Trog
Vehumet
Xom
Yredelemnul
Zin
The Shining One
Beogh

Annotations:
D:3 Stick's ghost, amateur FoEE
D:6 exclusion: steam dragon
D:10 Gastronok


Message History

You slash the white ugly thing! You burn the white ugly thing.
The white ugly thing is severely wounded.
The white ugly thing gores you. The white ugly thing freezes you!
Unknown command.
You hit the white ugly thing. You burn the white ugly thing.
The white ugly thing is severely wounded.
The white ugly thing misses you.
Your ice beast hits the white ugly thing.
Your ice beast freezes the white ugly thing.
The white ugly thing resists.
Unknown command.
You catch the helpless white ugly thing completely off-guard!
You hit the white ugly thing. You burn the white ugly thing.
The white ugly thing is almost dead.
The brown ugly thing barely misses you. The white ugly thing gores you.
The white ugly thing freezes you!!
* * * LOW HITPOINT WARNING * * *
Your ice beast misses the white ugly thing.
The cyclops hits you!!
You die...

.................####
................#..#
.................###
.................#
................##
.............(###
..........((..#
.......C....###
.......u@...#
......)uY..##
.......$#.##
......#.### .......##
....... ....#.#
.....# ###


You could see 2 ugly things, a cyclops and a friendly ice beast.

Vanquished Creatures
  An unseen horror (D:10)
  2 hill giants
  An elephant (D:9)
  A deep elf mage (D:10)
  5 yaks (D:10)
  A spriggan (D:10)
  A steam dragon (D:6)
  Menkaure (D:7)
  A hungry ghost (D:11)
  A water moccasin (D:7)
  2 orc warriors
  5 ice beasts
  A phantom (D:7)
  A crocodile (D:9)
  2 sky beasts
  3 ogres
  4 centaurs
  4 giant frogs
  A wyvern skeleton (D:9)
  A scorpion (D:7)
  11 killer bees
  5 wights
  4 hounds
  A jelly (D:7)
  3 centaur skeletons
  A quasit (D:7)
  A giant frog zombie (D:11)
  A gnoll shaman (D:7)
  2 iguanas
  5 orc priests
  A giant frog skeleton (D:8)
  7 orc wizards
  7 worker ants
  A killer bee zombie (D:6)
  13 adders
  3 gnolls
  A worker ant zombie (D:6)
  3 shadow imps
  An ooze (D:6)
  2 adder skeletons
  2 worms
  5 giant geckos
  31 orcs
  6 bats
  11 giant cockroaches
  12 goblins
  4 hobgoblins
  4 jackals (D:1)
  6 kobolds
  3 quokkas
  A ball python (D:3)
  7 giant newts
  2 quokka zombies
  8 rats
214 creatures vanquished.

Vanquished Creatures (collateral kills)
  A yak (D:10)
  An orc warrior (D:10)
  An ogre (D:10)
  A centaur (D:11)
  A scorpion (D:9)
  2 wights (D:9)
  A crimson imp (D:11)
  An orc priest (D:10)
  A sheep (D:9)
  4 orcs
14 creatures vanquished.

Vanquished Creatures (others)
  A giant newt (D:4)
1 creature vanquished.

Grand Total: 229 creatures vanquished

Notes
Turn   | Place    | Note
--------------------------------------------------------------
     0 | D:1      | oplop the Merfolk Ice Elementalist began the quest for the Orb.
     0 | D:1      | Reached XP level 1. HP: 13/13 MP: 3/3
   158 | D:1      | Reached XP level 2. HP: 17/19 MP: 0/5
   745 | D:1      | Reached XP level 3. HP: 24/24 MP: 1/6
  1002 | D:2      | Reached skill level 4 in Ice Magic
  1457 | D:2      | Reached XP level 4. HP: 15/30 MP: 6/8
  2048 | D:3      | Noticed Stick's ghost (amateur FoEE)
  2163 | D:3      | Reached XP level 5. HP: 33/35 MP: 6/9
  2683 | D:4      | Found an iron altar of Okawaru.
  2827 | D:4      | Found a shimmering altar of Xom.
  3024 | D:4      | Reached skill level 5 in Ice Magic
  3024 | D:4      | Reached XP level 6. HP: 41/41 MP: 5/11
  3258 | D:4      | Reached skill level 1 in Polearms
  3337 | D:4      | Found a staircase to the Ecumenical Temple.
  3352 | Temple   | Entered the Ecumenical Temple
  3520 | D:5      | Entered Level 5 of the Dungeon
  3536 | D:5      | Found a sparkling altar of Nemelex Xobeh.
  3586 | D:5      | Reached skill level 5 in Dodging
  3612 | D:5      | Learned a level 3 spell: Ozocubu's Armour
  3617 | D:5      | Learned a level 4 spell: Condensation Shield
  4108 | D:5      | Reached XP level 7. HP: 30/46 MP: 7/13
  4685 | D:6      | Noticed a steam dragon
  4712 | D:6      | Killed a steam dragon
  4712 | D:6      | Reached skill level 6 in Dodging
  4732 | D:6      | Noticed a steam dragon
  4845 | D:6      | Reached XP level 8. HP: 33/52 MP: 11/15
  4964 | D:6      | Learned a level 4 spell: Throw Icicle
  5013 | D:7      | Found a shadowy altar of Dithmenos.
  5017 | D:7      | Found a shattered altar of Ashenzari.
  5017 | D:7      | Found a stormy altar of Qazlal.
  5017 | D:7      | Found a sparkling altar of Nemelex Xobeh.
  5018 | D:7      | Found a basalt altar of Yredelemnul.
  5021 | D:7      | Found a snail-covered altar of Cheibriados.
  5022 | D:7      | Found a white marble altar of Elyvilon.
  5178 | D:7      | Noticed Menkaure
  5188 | D:7      | Killed Menkaure
  5188 | D:7      | Reached skill level 1 in Fighting
  5376 | D:7      | Reached skill level 5 in Spellcasting
  5400 | D:7      | Reached skill level 7 in Dodging
  5681 | D:7      | Reached XP level 9. HP: 64/64 MP: 13/17
  5766 | D:7      | Reached skill level 8 in Dodging
  5802 | D:7      | Found a burning altar of Makhleb.
  6184 | D:8      | Learned a level 4 spell: Summon Ice Beast
  6240 | D:8      | Reached skill level 1 in Summonings
  6507 | D:8      | Reached skill level 5 in Fighting
  6585 | D:8      | Reached skill level 1 in Conjurations
  6789 | D:8      | You fall through a shaft!
  7144 | D:7      | Became a worshipper of Cheibriados the Contemplative
  7278 | D:9      | Found a burning altar of Makhleb.
  7447 | D:9      | Noticed an elephant
  7457 | D:9      | Killed an elephant
  7457 | D:9      | Reached skill level 5 in Polearms
  7457 | D:9      | Reached XP level 10. HP: 53/76 MP: 14/20
  7485 | D:9      | Found a staircase to the Lair.
  7626 | D:9      | Reached * piety under Cheibriados
  7860 | D:10     | Entered Level 10 of the Dungeon
  8099 | D:9      | Found a sacrificial altar of Ru.
  8238 | D:10     | Noticed Gastronok
  8479 | D:10     | Found a staircase to the Orcish Mines.
  8480 | D:10     | Noticed a hill giant
  8504 | D:10     | Killed a hill giant
  8504 | D:10     | Reached skill level 1 in Armour
  8696 | D:10     | Reached ** piety under Cheibriados
  8697 | D:10     | Found a roughly hewn altar of Beogh.
  8754 | D:10     | Noticed an unseen horror
  8774 | D:10     | Killed an unseen horror
  8886 | D:10     | Reached skill level 9 in Ice Magic
  8986 | D:10     | Reached XP level 11. HP: 79/83 MP: 22/22
  9240 | D:11     | Noticed a hill giant
  9250 | D:11     | Killed a hill giant
  9334 | D:11     | Demolished by a cyclops

Action                   |  1- 3 |  4- 6 |  7- 9 | 10-12 || total
-------------------------+-------+-------+-------+-------++-------
Melee: Unarmed           |    11 |       |       |       ||    11
       Dagger            |    64 |    65 |   267 |       ||   396
       Trident           |       |    32 |     1 |       ||    33
       Halberd           |       |       |    25 |   217 ||   242
 Cast: Freeze            |    44 |    85 |   147 |     3 ||   279
       Ozocubu's Armour  |       |       |    15 |     6 ||    21
       Condensation Shie |       |       |     7 |     4 ||    11
       Summon Ice Beast  |       |       |     4 |    13 ||    17
       Throw Icicle      |       |       |     1 |     1 ||     2
Evoke: Wand              |       |       |       |     1 ||     1
  Use: Scroll            |       |     7 |       |    13 ||    20
       Potion            |       |       |       |     1 ||     1
 Stab: Sleeping          |     2 |     9 |     6 |     6 ||    23
       Distracted        |       |       |     1 |     2 ||     3
       Invisible         |       |       |       |     3 ||     3
  Eat: Chunk             |     2 |     6 |    15 |     6 ||    29
       Pizza             |       |     1 |     1 |       ||     2
       Fruit             |       |     1 |       |     2 ||     3
